AoeStats
← ska_18

Arabia

503145504Analyzed
3v3 RM · 1mo ago on Aug 30, 2026· 86m 46s· 6 players
Game mode
Random Map
Map size
Normal (6 player)
Population
200
Speed
Normal
Resources
Standard
Victory
Conquest
Starting age
Dark Age
Ending age
Imperial Age
RankedLock teamsTeams togetherTeam positionsShared explorationLock speedFull tech treeHidden civsTurbo modeCheats
Victory
Defeat
🇦🇹 Saracens · Austria
1055
+17
🇫🇷 Britons · France
1042
+18
🇮🇱 Franks · Israel
988
+20
🇫🇷 Mongols · France
1114
-20
🇫🇷 Franks · France
1070
-18
🇫🇷 Goths · France
1050
-17
CharlesKap
6:50 Loom
9:31 Feudal Age
10:28 Double-Bit Axe
13:18 Fletching
15:01 Town Watch
20:20 Wheelbarrow
23:35 Castle Age
21:41 Horse Collar
22:37 Padded Archer Armor
22:40 Gold Mining
23:33 Scale Mail Armor
23:53 Crossbowman
24:36 Bodkin Arrow
26:01 Bow Saw
27:11 Man-at-Arms
28:03 Forging
28:44 Chain Mail Armor
30:19 Iron Casting
30:03 Squires
31:05 Gold Shaft Mining
31:33 Leather Archer Armor
36:27 Long Swordsman
38:17 Ballistics
37:38 Treadmill Crane
38:08 Masonry
41:42 Pikeman
42:45 Murder Holes
43:48 Heavy Plow
49:00 Imperial Age
50:47 Conscription
50:30 Arbalester
51:05 Two-Handed Swordsman
52:44 Champion
54:08 Arson
54:26 Bracer
55:12 Plate Mail Armor
56:34 Hand Cart
56:07 Halberdier
59:22 Blast Furnace
59:23 Chemistry
58:54 Architecture
61:08 Ring Archer Armor
60:44 Siege Engineers
63:49 Stone Mining
63:51 Onager
65:49 Light Cavalry
66:30 Husbandry
66:36 Scale Barding Armor
67:58 Chain Barding Armor
69:59 Plate Barding Armor
76:21 Hoardings
79:36 Warwolf
ska_18
itayganan
6:36 Loom
9:44 Feudal Age
10:17 Double-Bit Axe
20:53 Wheelbarrow
21:40 Scale Barding Armor
25:33 Castle Age
24:12 Forging
24:49 Gold Mining
26:28 Bow Saw
26:38 Bow Saw
26:52 Chain Barding Armor
37:37 Husbandry
39:08 Iron Casting
43:45 Imperial Age
44:39 Gold Shaft Mining
44:51 Conscription
44:20 Cavalier
46:38 Plate Barding Armor
46:42 Chivalry
48:47 Masonry
49:06 Ballistics
51:07 Scale Mail Armor
54:13 Blast Furnace
54:41 Hand Cart
58:10 Chemistry
60:47 Pikeman
61:43 Chain Mail Armor
62:28 Caravan
63:48 Halberdier
66:09 Light Cavalry
68:03 Squires
69:09 Town Watch
73:27 Architecture
74:33 Elite Throwing Axeman
78:53 Plate Mail Armor
78:46 Arson
78:48 Gambesons
79:58 #83
80:34 Fletching
80:55 Paladin
86:39 Fortified Wall
Le Marquis
11:09 Feudal Age
9:26 Loom
23:33 Castle Age
23:41 Forging
25:00 Scale Barding Armor
25:20 Double-Bit Axe
25:34 Light Cavalry
26:36 Stone Mining
28:53 Wheelbarrow
30:14 Iron Casting
30:40 Chain Barding Armor
32:17 Husbandry
32:28 Gold Mining
34:36 Hand Cart
34:55 Bow Saw
34:55 Scale Mail Armor
37:12 Gold Shaft Mining
37:40 #83
40:55 Pikeman
43:09 Squires
53:59 Chain Mail Armor
63:35 Imperial Age
66:09 Plate Barding Armor
66:35 Blast Furnace
66:06 Plate Mail Armor
66:06 Conscription
Heseldar
7:03 Loom
9:08 Feudal Age
19:38 Castle Age
17:49 Double-Bit Axe
17:49 Horse Collar
19:19 Padded Archer Armor
19:12 Fletching
20:32 Elite Skirmisher
23:38 Bodkin Arrow
26:47 Wheelbarrow
27:39 Leather Archer Armor
28:17 Thumb Ring
36:57 Hand Cart
38:22 Scale Barding Armor
38:29 Forging
38:33 Bow Saw
39:23 Ballistics
39:39 Bloodlines
43:30 Chain Barding Armor
43:46 Iron Casting
44:25 Heavy Plow
48:46 Imperial Age
49:51 Elite Steppe Lancer
53:58 Blast Furnace
53:30 Husbandry
57:36 Husbandry
62:18 Bracer
63:19 Blast Furnace
65:48 Chemistry
70:33 Gold Mining
77:59 Caravan
77:44 Light Cavalry
Prince_Ali
1:20 Loom
9:53 Feudal Age
13:39 Scale Mail Armor
14:22 Forging
14:01 Double-Bit Axe
24:25 Castle Age
22:18 Horse Collar
23:04 Gold Mining
23:47 Fletching
25:36 Bow Saw
25:27 Heavy Plow
25:22 Pikeman
28:03 Chain Mail Armor
28:23 Iron Casting
27:52 Squires
30:40 Man-at-Arms
31:28 Long Swordsman
32:56 Wheelbarrow
42:39 Imperial Age
44:43 Blast Furnace
44:13 Anarchy
44:20 Two-Handed Swordsman
56:43 Halberdier
58:26 Two-Man Saw
58:26 Crop Rotation
59:15 Perfusion
59:36 Conscription
63:07 Champion
75:20 Chemistry
76:12 Hand Cart
80:14 Elite Huskarl
81:16 Caravan
Connection lost

Rejoining the realm…

Still unreachable

The connection could not be restored.

Session expired

The server has moved on; the page needs a fresh start.